Map: 망각행 고속열차

Players

테라진

  • Race: Terran Terran
  • Spawn Location: 0:00

밤하늘

  • Race: Protoss Protoss
  • Spawn Location: 12:00

VOD

Have the link to the VOD?

Description

Time

  • Played on: Feb. 9, 2019, 1:09 a.m.
  • Length: 23:34
Show
View Real Time Build Order
Export as new Build Order

테라진 Terran 

Build Orders:  

Get SALT Encoding   

  7  0:51  Supply Depot  
Show
View Real Time Build Order
Export as new Build Order

밤하늘 Protoss 

Build Orders:  

Get SALT Encoding   

  12  0:02  Probe (Chrono Boost)  
  13  0:16  Probe (Chrono Boost)  
  14  0:30  Probe (Chrono Boost)  
  15  0:44  Probe (Chrono Boost)  
  16  0:58  Probe (Chrono Boost)  
  17  1:11  Probe (Chrono Boost)  
  18  1:28  Zoraya Legion  
  18  1:53  Ancient Nexus  
  18  2:07  Xel'Naga Passageway  
  18  2:10  Probe (Chrono Boost)  
  19  2:23  Probe (Chrono Boost)  
  20  2:32  Xel'Naga Passageway  
  20  2:37  Probe (Chrono Boost)  
  21  2:51  Probe (Chrono Boost)  
  22  3:05  Probe (Chrono Boost)  
  23  3:13  Core Forge  
  23  3:19  Probe (Chrono Boost)  
  24  3:33  Probe x2 (Chrono Boost)  
  26  3:46  Probe (Chrono Boost)  
  26  3:47  Probe (Chrono Boost)  
  28  4:00  Probe (Chrono Boost)  
  28  4:01  Probe (Chrono Boost)  
  28  4:06  Constructs Facility  
  30  4:14  Probe x2 (Chrono Boost)  
  32  4:28  Probe x2 (Chrono Boost)  
  34  4:39  Xel'Naga Shieldguard x2  
  34  4:45  Xel'Naga Passageway, Probe x2 (Chrono Boost)  
  38  4:54  Xel'Naga Shieldguard x2  
  40  5:11  Constructs Bay  
  40  5:13  Xel'Naga Void Array x2  
  41  5:22  Zoraya Legion  
  41  5:38  Xel'Naga Void Array x2  
  42  6:03  Xel'Naga Watcher  
  42  6:18  Xel'Naga Watcher  
  42  6:40  Xel'Naga Void Array  
  42  6:42  Xel'Naga Void Array  
  42  6:45  Xel'Naga Void Array  
  42  6:48  Xel'Naga Ambusher x2  
  42  6:49  Xel'Naga Void Array  
  42  6:52  Xel'Naga Ambusher, Xel'Naga Void Array  
  48  7:05  Xel'Naga Ambusher x2  
  48  7:06  Xel'Naga Void Array  
  48  7:09  Xel'Naga Void Array  
  52  7:13  Xel'Naga Shieldguard  
  53  7:23  Xel'Naga Shieldguard x2  
  55  7:40  Xel'Naga Ambusher x2  
  59  7:53  Xel'Naga Void Array  
  59  8:21  Xel'Naga Ambusher x2, Zoraya Legion  
  59  8:26  Xel'Naga Shieldguard  
  59  8:29  Xel'Naga Watcher  
  64  8:44  Xel'Naga Watcher  
  64  8:59  Xel'Naga Watcher  
  64  9:00  Xel'Naga Void Array  
  63  9:11  Xel'Naga Ambusher x2  
  63  9:14  Xel'Naga Watcher  
  67  9:25  Xel'Naga Void Array  
  67  9:29  Xel'Naga Watcher  
  67  10:10  Xel'Naga Void Array  
  67  10:14  Xel'Naga Ambusher x2  
  67  10:18  Xel'Naga Ambusher  
  73  10:31  Xel'Naga Ambusher x2  
  73  10:34  Zoraya Legion  
  77  10:43  Xel'Naga Void Array  
  77  10:59  Xel'Naga Void Array  
  77  11:45  Xel'Naga Void Array  
  77  11:58  Xel'Naga Void Array  
  77  11:59  Xel'Naga Ambusher x2  
  77  12:03  Xel'Naga Ambusher  
  83  12:16  Xel'Naga Ambusher  
  85  12:44  Tesseract Cannon  
  85  12:47  Tesseract Cannon  
  85  12:51  Tesseract Cannon  
  85  12:59  Tesseract Cannon  
  85  13:01  Tesseract Cannon  
  85  13:06  Xel'Naga Void Array  
  85  13:11  Xel'Naga Void Array  
  85  13:14  Xel'Naga Void Array  
  85  13:16  Zoraya Legion  
  85  13:35  Tesseract Cannon  
  85  13:39  Tesseract Cannon  
  85  13:42  Tesseract Cannon  
  85  13:48  Xel'Naga Ambusher x2  
  85  13:53  Xel'Naga Void Array  
  89  14:15  Xel'Naga Ambusher  
  91  14:21  Xel'Naga Watcher  
  91  14:25  Xel'Naga Void Array  
  91  14:28  Xel'Naga Void Array  
  91  14:30  Xel'Naga Ambusher  
  91  14:36  Xel'Naga Watcher  
  93  14:49  Xel'Naga Void Array  
  93  14:51  Xel'Naga Watcher  
  93  15:06  Xel'Naga Watcher  
  93  15:08  Xel'Naga Void Array  
  93  15:21  Xel'Naga Watcher  
  93  15:45  Xel'Naga Void Array  
  93  15:54  Zoraya Legion  
  93  16:17  Xel'Naga Watcher  
  93  16:32  Xel'Naga Watcher  
  93  16:47  Xel'Naga Watcher  
  93  17:02  Xel'Naga Watcher  
  93  17:06  Xel'Naga Ambusher x2  
  93  17:14  Tesseract Cannon  
  93  17:17  Tesseract Cannon  
  93  17:19  Tesseract Cannon  
  97  17:22  Tesseract Cannon  
  97  17:26  Tesseract Cannon  
  97  17:34  Tesseract Cannon  
  97  17:35  Tesseract Cannon  
  93  18:01  Zoraya Legion  
  91  18:13  Xel'Naga Ambusher x2  
  91  18:17  Xel'Naga Ambusher  
  97  18:23  Xel'Naga Watcher  
  94  18:30  Xel'Naga Ambusher x2  
  94  18:38  Xel'Naga Watcher  
  94  18:39  Xel'Naga Void Array  
  98  18:44  Xel'Naga Void Array  
  98  18:53  Xel'Naga Watcher  
  96  19:08  Xel'Naga Watcher  
  96  19:14  Xel'Naga Void Array  
  96  19:23  Xel'Naga Watcher  
  96  19:36  Xel'Naga Void Array  
  96  19:47  Xel'Naga Ambusher x2  
  100  20:07  Xel'Naga Void Array  
  100  21:00  Xel'Naga Void Array  
  100  21:33  Xel'Naga Void Array  
  100  21:37  Tesseract Cannon  
  100  21:41  Tesseract Cannon  
  100  21:43  Tesseract Cannon  
  100  21:50  Tesseract Cannon  
  100  21:53  Tesseract Cannon  
  100  21:55  Tesseract Cannon  
  100  22:02  Tesseract Cannon  
  100  22:04  Tesseract Cannon  
  100  22:07  Tesseract Cannon  
  100  22:08  Xel'Naga Ambusher  
  100  22:09  Xel'Naga Ambusher  
  100  22:10  Tesseract Cannon  
  100  22:13  Tesseract Cannon  
  100  22:45  Zoraya Legion  
Tags
 
Add a new tag
Caveats
  • Supply blocks, unpowered buildings, or Contaminate may cause inaccurate times.
  • Supply counts are checked every 10 seconds.